| TOP OF THE 1ST |
|
Boise Hawks batting - Pitching for State College Spikes : RHP Jim Vickers
|
|
Pitching: RHP Jim Vickers
|
|
|
Batting: RHB Elias Urbina
|
0-0: Ball 1-0: Ball 2-0: Ball 3-0: Called Strike 3-1: Foul Ball, location: 2F 3-2: Foul Ball, location: 2F 3-2: Ground out 5-3 (Groundball, 5, EV 76.2 MPH)
|
|
Batting: LHB Glenn Lowther
|
0-0: Ball 1-0: Ball 2-0: Ball 3-0: Base on Balls
|
|
Batting: LHB Greg Valenzuela
|
0-0: Ball Glenn Lowther steals 2nd base (no throw) 1-0: Ball 2-0: Ball 3-0: Called Strike 3-1: Called Strike 3-2: Base on Balls
|
|
Batting: SHB Bobby Santor
|
0-0: Fly out, F7 (Flyball, 7LS, EV 86.9 MPH)
|
|
Batting: RHB Chris Tatum
|
0-0: Ball 1-0: Foul Ball, location: 2F 1-1: Foul Ball, location: 2F 1-2: Strikes out looking
|
| Top of the 1st over - 0 runs, 0 hits, 0 errors, 2 left on base; Boise 0 - State College 0 |
| BOTTOM OF THE 1ST |
|
State College Spikes batting - Pitching for Boise Hawks : RHP Don Boudreau
|
|
Pitching: RHP Don Boudreau
|
|
|
Batting: RHB Mark Cahill
|
0-0: Called Strike 0-1: Foul Ball, location: 2F 0-2: Ball 1-2: Ball 2-2: Foul Ball, location: 2F 2-2: Foul Ball, location: 2F 2-2: Ball 3-2: Base on Balls
|
|
Batting: RHB Mike Zimmerly
|
0-0: Ball 1-0: Ball Mark Cahill is caught stealing 2nd base 2-4 2-0: Called Strike 2-1: Swinging Strike 2-2: Foul Ball, location: 2F 2-2: TRIPLE (Flyball, 78XD, EV 90.0 MPH)
|
|
Batting: RHB Melvin Enriquez
|
0-0: Called Strike 0-1: Swinging Strike 0-2: Ball 1-2: Ball 2-2: Fly out, F9 (Flyball, 89M, EV 76.9 MPH)
|
|
Batting: LHB Adam Eisen
|
0-0: Ball 1-0: Swinging Strike 1-1: Ball 2-1: Swinging Strike 2-2: Ball 3-2: Base on Balls
|
|
Batting: RHB Chris LaReau
|
0-0: Ball Adam Eisen is caught stealing 2nd base 2-4
|
| Bottom of the 1st over - 0 runs, 1 hit, 0 errors, 1 left on base; Boise 0 - State College 0 |
| TOP OF THE 2ND |
|
Boise Hawks batting - Pitching for State College Spikes : RHP Jim Vickers
|
|
Batting: SHB Jamie Locke
|
0-0: Ball 1-0: Ground out 3-1 (Groundball, 34S, EV 72.5 MPH)
|
|
Batting: LHB Zane Kelton
|
0-0: Fly out, F7 (Flyball, 7S, EV 97.5 MPH)
|
|
Batting: LHB Mike Clark
|
0-0: Fly out, F7 (Flyball, 7, EV 82.5 MPH)
|
| Top of the 2nd over - 0 runs, 0 hits, 0 errors, 0 left on base; Boise 0 - State College 0 |
| BOTTOM OF THE 2ND |
|
State College Spikes batting - Pitching for Boise Hawks : RHP Don Boudreau
|
|
Batting: RHB Chris LaReau
|
0-0: Called Strike 0-1: Ball 1-1: Ground out 4-3 (Groundball, 4S, EV 78.8 MPH)
|
|
Batting: RHB Tim Cleary
|
0-0: Called Strike 0-1: Swinging Strike 0-2: Foul Ball, location: 2F 0-2: Ball 1-2: Ball 2-2: Foul Ball, location: 2F 2-2: Ball 3-2: Strikes out swinging, 2-3 out at first.
|
|
Batting: RHB Francisco Vargas
|
0-0: Ground out 5-3 (Groundball, 56S, EV 68.1 MPH)
|
| Bottom of the 2nd over - 0 runs, 0 hits, 0 errors, 0 left on base; Boise 0 - State College 0 |
| TOP OF THE 3RD |
|
Boise Hawks batting - Pitching for State College Spikes : RHP Jim Vickers
|
|
Batting: RHB Matt Cone
|
0-0: Ball 1-0: Ground out 1-3 (Groundball, 13S, EV 74.4 MPH)
|
|
Batting: RHB Elias Urbina
|
0-0: Called Strike 0-1: Fly out, F9 (Flyball, 89XD, EV 69.4 MPH)
|
|
Batting: LHB Glenn Lowther
|
0-0: Swinging Strike 0-1: Ground out 6-3 (Groundball, 6, EV 83.1 MPH)
|
| Top of the 3rd over - 0 runs, 0 hits, 0 errors, 0 left on base; Boise 0 - State College 0 |
| BOTTOM OF THE 3RD |
|
State College Spikes batting - Pitching for Boise Hawks : RHP Don Boudreau
|
|
Batting: RHB John Gibbs
|
0-0: Called Strike 0-1: Ball 1-1: Foul Ball, location: 2F 1-2: Ground out 6-3 (Groundball, 6, EV 85.0 MPH)
|
|
Batting: RHB Ray Souza
|
0-0: Called Strike 0-1: Ball 1-1: Foul Ball, location: 2F 1-2: Strikes out looking
|
|
Batting: RHB Mark Cahill
|
0-0: Ball 1-0: Ball 2-0: Ball 3-0: Base on Balls
|
|
Batting: RHB Mike Zimmerly
|
0-0: Ball 1-0: Hit by Pitch Mark Cahill to second
|
|
Batting: RHB Melvin Enriquez
|
0-0: Fly out, F7 (Flyball, 78D, EV 101.2 MPH)
|
| Bottom of the 3rd over - 0 runs, 0 hits, 0 errors, 2 left on base; Boise 0 - State College 0 |
| TOP OF THE 4TH |
|
Boise Hawks batting - Pitching for State College Spikes : RHP Jim Vickers
|
|
Batting: LHB Greg Valenzuela
|
0-0: Ball 1-0: Ball 2-0: Ball 3-0: Base on Balls
|
|
Batting: SHB Bobby Santor
|
0-0: Called Strike 0-1: Ball 1-1: Called Strike 1-2: Strikes out looking
|
|
Batting: RHB Chris Tatum
|
0-0: Ball Greg Valenzuela steals 2nd base (no throw) 1-0: Called Strike 1-1: Called Strike Greg Valenzuela steals 3rd base (no throw) 1-2: Fly out, F9 (Line Drive, 9, EV 94.4 MPH) Runner from 3rd tags up, SCORES, throw by RF
|
|
Batting: SHB Jamie Locke
|
0-0: Ball 1-0: Called Strike 1-1: Ball 2-1: Ball 3-1: Base on Balls
|
|
Batting: LHB Zane Kelton
|
0-0: Ball 1-0: Called Strike 1-1: Ball 2-1: Foul Ball, location: 2F 2-2: Strikes out looking
|
| Top of the 4th over - 1 run, 0 hits, 0 errors, 1 left on base; Boise 1 - State College 0 |
| BOTTOM OF THE 4TH |
|
State College Spikes batting - Pitching for Boise Hawks : RHP Don Boudreau
|
|
Batting: LHB Adam Eisen
|
0-0: Foul Ball, location: 2F 0-1: Swinging Strike 0-2: Ball 1-2: Strikes out looking
|
|
Batting: RHB Chris LaReau
|
0-0: Ball 1-0: Ball 2-0: Swinging Strike 2-1: Foul Ball, location: 2F 2-2: Strikes out swinging
|
|
Batting: RHB Tim Cleary
|
0-0: Ball 1-0: Ball 2-0: Called Strike 2-1: Fly out, F3 (Popup, 23F, EV 85.0 MPH)
|
| Bottom of the 4th over - 0 runs, 0 hits, 0 errors, 0 left on base; Boise 1 - State College 0 |
| TOP OF THE 5TH |
|
Boise Hawks batting - Pitching for State College Spikes : RHP Jim Vickers
|
|
Batting: LHB Mike Clark
|
0-0: SOLO HOME RUN (Flyball, 9LD, EV 95.6 MPH), Distance : 354 ft
|
|
Batting: RHB Matt Cone
|
0-0: Ball 1-0: Foul Ball, location: 2F 1-1: Foul Ball, location: 2F 1-2: Ball 2-2: Ground out 4-3 (Groundball, 4M, EV 79.4 MPH)
|
|
Batting: RHB Elias Urbina
|
0-0: Ball 1-0: Called Strike 1-1: Foul Ball, location: 2F 1-2: Ball 2-2: Foul Ball, location: 2F 2-2: Foul Ball, location: 2F 2-2: Ball 3-2: Fly out, F3 (Popup, 3, EV 70.0 MPH)
|
|
Batting: LHB Glenn Lowther
|
0-0: Swinging Strike 0-1: Ball 1-1: Foul Ball, location: 2F 1-2: Ball 2-2: Ball 3-2: Ground out 6-3 (Groundball, 6M, EV 84.4 MPH)
|
| Top of the 5th over - 1 run, 1 hit, 0 errors, 0 left on base; Boise 2 - State College 0 |
| BOTTOM OF THE 5TH |
|
State College Spikes batting - Pitching for Boise Hawks : RHP Don Boudreau
|
|
Batting: RHB Francisco Vargas
|
0-0: Called Strike 0-1: Ball 1-1: Swinging Strike 1-2: Ball 2-2: Ball 3-2: Base on Balls
|
|
Batting: RHB John Gibbs
|
0-0: Ground out 4-3 (Groundball, 34, EV 100.0 MPH) Francisco Vargas to second
|
|
Batting: RHB Ray Souza
|
0-0: Called Strike 0-1: Foul Ball, location: 2F 0-2: DOUBLE (Groundball, 5L, EV 98.8 MPH) Francisco Vargas scores
|
|
Pitching: RHP Nate Dallman
|
|
|
Batting: RHB Mark Cahill
|
0-0: Ball 1-0: Called Strike 1-1: Ball 2-1: Foul Ball, location: 2F 2-2: Strikes out swinging
|
|
Batting: RHB Mike Zimmerly
|
0-0: Called Strike 0-1: Ground out 4-3 (Groundball, 4, EV 103.8 MPH)
|
| Bottom of the 5th over - 1 run, 1 hit, 0 errors, 1 left on base; Boise 2 - State College 1 |
| TOP OF THE 6TH |
|
Boise Hawks batting - Pitching for State College Spikes : RHP Jim Vickers
|
|
Batting: LHB Greg Valenzuela
|
0-0: Ball 1-0: Ball 2-0: Swinging Strike 2-1: Ball 3-1: Foul Ball, location: 2F 3-2: Foul Ball, location: 2F 3-2: Fly out, F8 (Flyball, 8RS, EV 92.5 MPH)
|
|
Pitching: RHP Quinn Grantham
|
|
|
Batting: SHB Bobby Santor
|
0-0: Ball 1-0: Fly out, F6 (Flyball, 6D, EV 80.6 MPH)
|
|
Batting: RHB Chris Tatum
|
0-0: Called Strike 0-1: Called Strike 0-2: Foul Ball, location: 2F 0-2: Ground out 5-3 (Groundball, 56S, EV 76.9 MPH)
|
| Top of the 6th over - 0 runs, 0 hits, 0 errors, 0 left on base; Boise 2 - State College 1 |
| BOTTOM OF THE 6TH |
|
State College Spikes batting - Pitching for Boise Hawks : RHP Nate Dallman
|
|
Batting: RHB Melvin Enriquez
|
0-0: Called Strike 0-1: DOUBLE (Line Drive, 5D, EV 97.5 MPH)
|
|
Batting: LHB Adam Eisen
|
0-0: Swinging Strike 0-1: Ball 1-1: Ball 2-1: Foul Ball, location: 2F 2-2: Strikes out swinging
|
|
Batting: RHB Chris LaReau
|
0-0: Ground out U3 (Groundball, 34, EV 98.8 MPH) Melvin Enriquez to third
|
|
Batting: RHB Tim Cleary
|
0-0: Called Strike 0-1: Swinging Strike 0-2: Ball 1-2: Ball 2-2: Ball 3-2: DOUBLE (Flyball, 78D, EV 111.2 MPH) Melvin Enriquez scores
|
|
Batting: RHB Francisco Vargas
|
0-0: Ball 1-0: Ball 2-0: Called Strike 2-1: Ball 3-1: Foul Ball, location: 2F 3-2: Ground out 4-3 (Groundball, 4, EV 108.1 MPH)
|
| Bottom of the 6th over - 1 run, 2 hits, 0 errors, 1 left on base; Boise 2 - State College 2 |
| TOP OF THE 7TH |
|
Boise Hawks batting - Pitching for State College Spikes : RHP Quinn Grantham
|
|
Batting: SHB Jamie Locke
|
0-0: Fly out, F8 (Flyball, 8LS, EV 70.6 MPH)
|
|
Batting: LHB Zane Kelton
|
0-0: Ground out 3-1 (Groundball, 34S, EV 86.2 MPH)
|
|
Batting: LHB Mike Clark
|
0-0: Ball 1-0: Swinging Strike 1-1: Ball 2-1: Ground out U3 (Groundball, 34S, EV 72.5 MPH)
|
| Top of the 7th over - 0 runs, 0 hits, 0 errors, 0 left on base; Boise 2 - State College 2 |
| BOTTOM OF THE 7TH |
|
State College Spikes batting - Pitching for Boise Hawks : RHP Nate Dallman
|
|
Pitching: RHP Jim Butler
|
|
|
Batting: RHB John Gibbs
|
0-0: Foul Ball, location: 2F 0-1: Called Strike 0-2: Ball 1-2: Ball 2-2: Strikes out swinging
|
|
Batting: RHB Ray Souza
|
0-0: Ball 1-0: Foul Ball, location: 2F 1-1: Ground out 6-3 (Groundball, 6MS, EV 85.0 MPH)
|
|
Batting: RHB Mark Cahill
|
0-0: Fly out, F9 (Line Drive, 9D, EV 93.1 MPH)
|
| Bottom of the 7th over - 0 runs, 0 hits, 0 errors, 0 left on base; Boise 2 - State College 2 |
| TOP OF THE 8TH |
|
Boise Hawks batting - Pitching for State College Spikes : RHP Quinn Grantham
|
|
Batting: RHB Matt Cone
|
0-0: Ball 1-0: Called Strike 1-1: Ground out 5-3 (Groundball, 56, EV 98.8 MPH)
|
|
Batting: RHB Elias Urbina
|
0-0: Ball 1-0: Foul Ball, location: 2F 1-1: Ball 2-1: Foul Ball, location: 2F 2-2: Foul Ball, location: 2F 2-2: Ground out 3-1 (Groundball, 34S, EV 78.8 MPH)
|
|
Batting: LHB Glenn Lowther
|
0-0: Ball 1-0: Called Strike 1-1: Ball 2-1: Called Strike 2-2: SINGLE (Line Drive, 56, EV 98.1 MPH)
|
|
Batting: LHB Greg Valenzuela
|
0-0: Called Strike 0-1: Called Strike 0-2: Ball 1-2: Ball 2-2: Ball Glenn Lowther steals 2nd base 3-2: Foul Ball, location: 2F 3-2: Foul Ball, location: 2F 3-2: SINGLE (Groundball, 4M, EV 110.6 MPH) (infield hit) Glenn Lowther to third
|
|
Batting: SHB Bobby Santor
|
0-0: Ball 1-0: Ball 2-0: Called Strike 2-1: Swinging Strike 2-2: Ball Greg Valenzuela steals 2nd base 3-2: Foul Ball, location: 2F 3-2: Foul Ball, location: 2F 3-2: Strikes out swinging
|
| Top of the 8th over - 0 runs, 2 hits, 0 errors, 2 left on base; Boise 2 - State College 2 |
| BOTTOM OF THE 8TH |
|
State College Spikes batting - Pitching for Boise Hawks : RHP Jim Butler
|
|
Pitching: RHP Tye Dickinson
|
|
|
Batting: RHB Mike Zimmerly
|
0-0: Called Strike 0-1: Ball 1-1: SINGLE (Line Drive, 9LS, EV 98.8 MPH)
|
|
Batting: RHB Melvin Enriquez
|
0-0: Called Strike Mike Zimmerly steals 2nd base 0-1: SINGLE (Flyball, 5D, EV 96.9 MPH) Mike Zimmerly to third
|
|
Batting: LHB Adam Eisen
|
0-0: Called Strike 0-1: Ball 1-1: Foul Ball, location: 2F 1-2: Ball 2-2: Strikes out swinging
|
|
Batting: RHB Mark Marks
|
0-0: Ball Melvin Enriquez steals 2nd base 1-0: Intentional Walk
|
|
Batting: RHB Tim Cleary
|
0-0: Ball 1-0: Foul Ball, location: 2F 1-1: Foul Ball, location: 2F 1-2: Strikes out looking
|
|
Batting: RHB Francisco Vargas
|
0-0: SINGLE (Groundball, 56S, EV 72.5 MPH) (infield hit) Mike Zimmerly scores Melvin Enriquez to third Mark Marks to second
|
|
Batting: RHB John Gibbs
|
0-0: SINGLE (Line Drive, 34, EV 102.5 MPH) Melvin Enriquez scores Mark Marks to third Francisco Vargas to second
|
|
Batting: RHB Ray Souza
|
0-0: Foul Ball, location: 2F 0-1: Ball 1-1: Fielders Choice at 2nd, 6-4 (Groundball, 6, EV 94.4 MPH)
|
| Bottom of the 8th over - 2 runs, 4 hits, 0 errors, 3 left on base; Boise 2 - State College 4 |
| TOP OF THE 9TH |
|
Boise Hawks batting - Pitching for State College Spikes : RHP Quinn Grantham
|
|
Pitching: LHP Nick Suggett
|
|
|
Batting: RHB Chris Tatum
|
0-0: Called Strike 0-1: Foul Ball, location: 2F 0-2: Strikes out swinging
|
|
Batting: SHB Jamie Locke
|
0-0: Foul Ball, location: 2F 0-1: Ball 1-1: Reached on error, E5 (Groundball, 56S, EV 86.2 MPH)
|
|
Pinch Hitting: RHB Tyler Stebbins
|
0-0: Called Strike 0-1: Ball 1-1: Called Strike 1-2: Foul Ball, location: 2F 1-2: Strikes out swinging
|
|
Batting: RHB Eric Delgado
|
0-0: Foul Ball, location: 2F 0-1: Called Strike 0-2: Ball 1-2: Ball 2-2: Foul Ball, location: 2F 2-2: Strikes out swinging
|
| Top of the 9th over - 0 runs, 0 hits, 1 error, 1 left on base; Boise 2 - State College 4 |
|